 Dungeon Crawl Stone Soup version 0.23.0 (webtiles) character file.

Game seed: 5730252941494687456

60 inmateoo the Firebug (level 3, 0/26 HPs)
             Began as a Demigod Fire Elementalist on Feb 14, 2019.
             Killed by divine providence
             ... invoked by an orc priest
              (12 damage)
             ... on level 2 of the Dungeon.
             The game lasted 00:02:17 (2028 turns).

inmateoo the Firebug (Demigod Fire Elementalist)    Turns: 2028, Time: 00:02:18

Health: 0/26       AC:  2    Str: 11    XL:     3   Next: 57%
Magic:  8/9        EV: 12    Int: 21    God:
Gold:   39         SH:  0    Dex: 16    Spells: 3/6 levels left

rFire    . . .     SeeInvis .   e - +0 mace
rCold    . . .     Gourm    .   (no shield)
rNeg     . . .     Faith    .   a - +0 robe
rPois    .         Spirit   .   (no helmet)
rElec    .         Reflect  .   (no cloak)
rCorr    .         Harm     .   (no gloves)
MR       .....                  (no boots)
Stlth    ++........             (no amulet)
HPRegen  0.08/turn              (no ring)
MPRegen  0.11/turn              (no ring)

@: no status effects
A: high mp 1
a: no special abilities


You were on level 2 of the Dungeon.
You were not hungry.

You visited 1 branch of the dungeon, and saw 2 of its levels.

You collected 39 gold pieces.

Inventory:

Hand Weapons
 e - a +0 mace (weapon)
Armour
 a - a +0 robe (worn)
 r - a +0 leather armour
Jewellery
 q - an uncursed amulet of the acrobat {unknown}
Scrolls
 d - a scroll of enchant armour {unknown}
 g - 3 scrolls of remove curse {unknown}
 j - a scroll of identify {unknown}
 l - a scroll of teleportation {unknown}
 n - a scroll of magic mapping {unknown}
 o - a scroll of immolation {unknown}
Potions
 b - a potion of heal wounds {unknown}
 f - a potion of haste {unknown}
 h - 2 potions of curing {unknown}
 i - a potion of invisibility {unknown}
 k - 2 potions of flight {unknown}
 m - a potion of might {unknown}
 p - a potion of degeneration {unknown}
Comestibles
 c - 3 rations
 s - a chunk of flesh


   Skills:
 - Level 1.7 Dodging
 - Level 1.7 Stealth
 + Level 2.4 Spellcasting
 - Level 0.8 Conjurations
 * Level 3.9 Fire Magic


You had 3 spell levels left.
You knew the following spells:

 Your Spells              Type           Power        Failure   Level  Hunger
a - Flame Tongue          Conj/Fire      ##...        5%          1    None
b - Throw Flame           Conj/Fire      ##....       8%          2    ##.....

Your spell library contained the following spells:

 Spells                   Type           Power        Failure   Level  Hunger
 Conjure Flame            Conj/Fire      ##......     16%         3    ###....
 Inner Flame              Hex/Fire       ##......     19%         3    ###....
 Sticky Flame             Conj/Fire      ##......     45%         4    ####...
 Fireball                 Conj/Fire      ##........   82%         5    ######.


Dungeon Overview and Level Annotations

Branches:
Dungeon (2/15)


Innate Abilities, Weirdness & Mutations

You have an increased reservoir of magic. (+10% MP)


Message History

Confirm with . or Enter, or press ? or * to list all spells.
You can't see any susceptible monsters within range! (Use Z to cast anyway.)
Casting: Flame Tongue (safe; 5% risk of failure)
Confirm with . or Enter, or press ? or * to list all spells.
You can't see any susceptible monsters within range! (Use Z to cast anyway.)
An orc priest comes into view. It is wielding a +0 mace.
The orc priest shouts!
The orc shouts!
The orc priest mumbles some strange prayers to Beogh against you.
Pain shoots through your body!
The orc priest calls down the wrath of Beogh upon you.
Pain shoots through your body!
Casting: Flame Tongue (safe; 5% risk of failure)
Confirm with . or Enter, or press ? or * to list all spells.
Aiming: Flame Tongue (safe; 5% risk of failure)
Press: ? - help, Shift-Dir - straight line, f - orc priest
Aim: an orc priest, wielding a +0 mace The flame tongue misses the orc priest.
The orc priest mumbles some strange prayers to Beogh against you.
Beogh smites you!
You die...

#.###......##...........o
#......###.##............
.........#.##............
......##.#...............
#####.##.#...........o...
# #.#.##.#.......o..o....
###.#.##.#........?......
'...####.#......#########
###.####........@o......
# #..).......###########
# #########..# #
#..###### # #####
#.......# # #...#
##.####.# # #.#.# #.# #.#
# #.#.####.####)# #
#.#.#.......#.#


You could see an orc priest.

Vanquished Creatures
  An adder (D:2)
  An adder skeleton (D:2)
  A worm (D:2)
  3 dart slugs
  An orc (D:2)
  3 bats
  3 giant cockroaches (D:2)
  7 goblins
  4 hobgoblins
  4 jackals (D:1)
  4 kobolds
  2 frilled lizards (D:2)
  3 rats
37 creatures vanquished.

Notes
Turn   | Place    | Note
-------+----------+-------------------------------------------
     0 | D:1      | inmateoo the Demigod Fire Elementalist began the quest for
                  | the Orb.
     0 | D:1      | Reached XP level 1. HP: 14/14 MP: 5/5
   114 | D:1      | Reached skill level 3 in Fire Magic
   338 | D:1      | Reached XP level 2. HP: 20/20 MP: 5/7
  1143 | D:2      | Learned a level 2 spell: Throw Flame
  1340 | D:2      | Reached XP level 3. HP: 24/26 MP: 7/9
  2028 | D:2      | Killed from afar by an orc priest

Skill      XL: |  1 |
---------------+----+-----
Fire Magic     | 3 |  3.9
Spellcasting   | 2 |  2.4
Dodging        | |  1.7
Stealth        | |  1.7
Conjurations   | |  0.8

Action                   || total
-------------------------++-------
Melee: Mace              ||    34
 Cast: Flame Tongue      ||    60
  Eat: Chunk             ||     4
Armor: Robe              ||     9
Dodge: Dodged            ||    52
